 Dungeon Crawl Stone Soup version 0.31.0-32-g396128a36d (webtiles) character file.

Game seed: 8295325180264372650

48626 Henri the Scorcher (level 14, -7/72 (88) HPs)
             Began as a Deep Elf Fire Elementalist on Apr 4, 2024.
             Was a High Priest of Vehumet.
             Killed from afar by a laughing skull (20 damage)
             ... with a bolt of negative energy
             ... on level 12 of the Dungeon on Apr 5, 2024.
             The game lasted 01:45:02 (26772 turns).

Henri the Scorcher (Deep Elf Fire Elementalist)    Turns: 26772, Time: 01:45:03

HP:   -7/72 (88)    AC: 21    Str:  5    XL:     14   Next: 13%
MP:   19/38         EV: 12    Int: 26    God:    Vehumet [*****.]
Gold: 1396          SH:  5    Dex: 15    Spells: 3/31 levels left

rFire   + . .        P - staff of fire
rCold   . . .        d - +0 buckler
rNeg    . . .        S - +0 acid dragon scales
rPois   .            g - +2 helmet {SInv}
rElec   .            T - +2 cloak {Will+}
rCorr   +            y - +1 pair of gloves
SInv    +            K - +0 pair of boots
Will    ++...        (no amulet)
Stlth   +++          u - ring of magical power
HPRegen 0.32/turn    M - +4 ring of protection
MPRegen 0.26/turn

%: no passive effects
@: heavily drained
A: no striking features
a: Renounce Religion


You were on level 12 of the Dungeon.
You worshipped Vehumet.
Vehumet was extremely pleased with you.
You visited 4 branches of the dungeon, and saw 20 of its levels.
You also visited: Sewer and Ice Cave.

You collected 1637 gold pieces.
You spent 241 gold pieces at shops.

Inventory:

Armour
 d - a +0 buckler (worn)
 g - a +2 helmet of see invisible (worn)
 m - a scarf of resistance
 y - a +1 pair of gloves (worn)
 K - a +0 pair of boots (worn)
 S - +0 acid dragon scales (worn)
 T - a +2 cloak of willpower (worn)
Magical Staves
 k - a staff of air
 P - a staff of fire (weapon)
Jewellery
 u - a ring of magical power (left hand)
 v - a ring of poison resistance
 M - a +4 ring of protection (right hand)
Wands
 j - a wand of flame (26)
 t - a wand of roots (37)
 J - a wand of acid (12)
 L - a wand of polymorph (1)
Scrolls
 c - 4 scrolls of poison
 h - a scroll of blinking
 n - 7 scrolls of fear
 p - a scroll of identify
 q - 7 scrolls of teleportation
 s - 3 scrolls of summoning
 w - 4 scrolls of fog
 O - a scroll of immolation {unknown}
 U - a scroll of vulnerability {unknown}
Potions
 a - 3 potions of ambrosia
 b - a potion of magic
 e - a potion of heal wounds
 f - 4 potions of brilliance
 i - 5 potions of resistance
 l - 2 potions of haste
 A - a potion of cancellation
 C - 5 potions of curing
 G - 3 potions of enlightenment
 Q - a potion of might
Miscellaneous
 x - a phantom mirror


   Skills:
 + Level 10.6 Fighting
 - Level 5.0 Armour
 + Level 7.0 Dodging
 - Level 7.3 Stealth
 - Level 5.0 Shields
 - Level 9.3 Spellcasting
 - Level 1.1 Conjurations
 + Level 3.4 Translocations
 + Level 18.7 Fire Magic


You had 3 spell levels left.
You knew the following spells:

 Your Spells              Type           Power      Damage    Failure   Level
a - Foxfire               Conj/Fire      100%       2x1d9     1%          1
b - Scorch                Fire           100%       2d9       0%          2
c - Inner Flame           Hex/Fire       74%        N/A       1%          3
d - Volatile Blastmotes   Fire/Tloc      100%       2d18      1%          3
e - Flame Wave            Conj/Fire      77%        2d17      1%          4
f - Magic Dart            Conj           68%        1d6       3%          1
g - Fireball              Conj/Fire      38%        3d16      2%          5
h - Sticky Flame          Fire/Alch      74%        2d12      1%          4
i - Dazzling Flash        Conj/Hex       28%        N/A       11%         3
j - Blink                 Tloc           60%        N/A       6%          2

Your spell library contained the following spells:

 Spells                   Type           Power      Damage    Failure   Level
 Spellforged Servitor     Conj/Summ      7%         N/A       100%        7
 Apportation              Tloc           60%        N/A       4%          1
 Sandblast                Erth           24%        2d8       4%          1
 Sting                    Conj/Alch      56%        1d6       4%          1
 Static Discharge         Conj/Air       28%        3-5/arc   5%          2
 Stone Arrow              Conj/Erth      28%        3d8       11%         3
 Necrotise                Necr           48%        1d6       17%         1
 Summon Small Mammal      Summ           48%        N/A       17%         1
 Call Imp                 Summ           24%        N/A       26%         2
 Cigotuvi's Dreadful Rot  Necr/Alch/Air  24%        N/A       26%         2
 Ozocubu's Armour         Ice            12%        N/A       45%         3
 Passwall                 Erth           12%        N/A       45%         3
 Brom's Barrelling Bould  Conj/Erth      14%        2d4       32%         4
 Airstrike                Air            6%         2d(1-17)  38%         4
 Iskenderun's Battlesphe  Conj           17%        2d7       56%         5
 Dispel Undead            Necr           12%        3d9       86%         4
 Martyr's Knell           Necr/Summ      12%        N/A       86%         4
 Summon Lightning Spire   Summ/Air       12%        N/A       86%         4
 Alistair's Intoxication  Alch           8%         N/A       99%         5
 Borgnjor's Vile Clutch   Necr/Erth      6%         N/A       99%         5
 Metabolic Englaciation   Hex/Ice        6%         N/A       99%         5
 Conjure Ball Lightning   Conj/Air       7%         3x3d6     99%         6
 Eringya's Noxious Bog    Alch           6%         4d6       99%         6
 Death Channel            Necr           6%         N/A       100%        6
 Sculpt Simulacrum        Ice/Alch       6%         N/A       100%        6
 Orb of Destruction       Conj           8%         9d6       100%        7
 Ozocubu's Refrigeration  Ice            6%         4d8       100%        7
 Discord                  Hex            6%         N/A       100%        8
 Disjunction              Tloc           15%        N/A       100%        8
 Polar Vortex             Ice            6%         N/A       100%        9


Dungeon Overview and Level Annotations

Branches:
Dungeon (13/15)            Temple (1/1) D:7            Lair (4/5) D:10
  Swamp (0/4) Lair:3       Spider (0/4) Lair:3          Orc (2/2) D:9
    Elf (0/3) Orc:2         Sewer (visited)           IceCv (visited)
  Slime: Lair:4-5    Vaults: D:13-14

Altars:
Ashenzari
Cheibriados
Dithmenos
Elyvilon
Fedhas
Gozag
Hepliaklqana
Kikubaaqudgha
Makhleb
Nemelex Xobeh
Okawaru
Qazlal
Ru
Sif Muna
Trog
Uskayaw
Vehumet
Wu Jian
Xom
Yredelemnul
Zin
The Shining One

Shops:
D:3 *   D:5 [   D:10 [

Annotations:
D:13 Azrael
Orc:2 Rupert


Message History

The laughing skull gibbers with scorn.
The bolt of negative energy misses you.
Casting: Foxfire (safe; 1% risk of failure)
Confirm with . or Enter, or press ? or * to list all spells.
You feel a surge of power!
You conjure some foxfire!
The laughing skull is engulfed in blazing flames.
Flame seeps out of the laughing skull.
The foxfire hits the laughing skull but does no damage.
The laughing skull is almost destroyed.
Your foxfire dissipates!
The laughing skull attacks as it pursues you!
The laughing skull headbutts you but does no damage.
Unknown command.
Casting: Foxfire (safe; 1% risk of failure)
Confirm with . or Enter, or press ? or * to list all spells.
You feel a surge of power!
You conjure some foxfire!
The laughing skull headbutts you!
* * * LOW HITPOINT WARNING * * *
The laughing skull headbutts you but does no damage.
Unknown command.
The foxfire hits the laughing skull.
The laughing skull completely resists.
The laughing skull is almost destroyed.
The foxfire hits the laughing skull.
The laughing skull completely resists.
The laughing skull is almost destroyed.
Unknown command.
Casting: Foxfire (safe; 1% risk of failure)
Confirm with . or Enter, or press ? or * to list all spells.
You feel a surge of power!
A cloud of volatile blastmotes flares up around you!
Run!
The laughing skull headbutts you but does no damage.
The laughing skull closely misses you.
Unknown command.
The laughing skull gibbers with scorn.
The bolt of negative energy hits you!
You feel drained.
* * * LOW HITPOINT WARNING * * *
Unknown command.
The laughing skull cackles spitefully.
The bolt of negative energy hits you!!
You feel drained.
You die...
The laughing skull crumbles to pieces from sheer joy.

#...................#
#.#################.#
#.############ #.#
#............# #.#
####...#####'######'## ###
#...# #..........#
#.#####...## #..........###
#.....'....# #..........'..
#.#####...@# #..........###
#.....'....# ##........####
#######...ยง####............
#...z##....##########
#....##.#............
####.##.#......)....#
#......##...####..
#....####...# #.#
#############>..........#
#.#


You could see a laughing skull (inner flame).

Vanquished Creatures
  A reaper (IceCv)
  An ettin (Orc:2)
  2 hydras
  A catoblepas (Lair:1)
  A centaur warrior (D:13)
  5 two-headed ogres
  3 death yaks (D:10)
  A pharaoh ant (Lair:3)
  4 skeletal warriors (D:12)
  An arcanist (D:9)
  A bog body (Lair:3)
  A deep elf pyromancer (D:12)
  2 orc knights
  2 ugly things
  5 large abominations (D:9)
  An orc sorcerer (Orc:2)
  A cyclops (D:12)
  Maurice (Orc:2)
  2 black mambas
  An ice statue (IceCv)
  3 elephants
  3 gargoyles
  2 cane toads
  A kobold demonologist (D:13)
  4 rime drakes
  7 komodo dragons
  An anaconda simulacrum (IceCv)
  7 trolls
  A tarantella (Lair:3)
  A polar bear (Lair:3)
  A hornet (D:10)
  10 blink frogs
  A shadow (D:11)
  A vampire (D:12)
  4 slime creatures (D:11)
  A dire elephant simulacrum (IceCv)
  32 yaks
  5 wyverns
  5 basilisks
  A warg (D:9)
  3 steam dragons
  2 death yak simulacra
  3 hydra simulacra (IceCv)
  4 acid dragons
  9 water moccasins
  2 black bears
  15 orc warriors
  3 ice beasts
  7 ogres
  7 small abominations (D:9)
  14 centaurs
  A crocodile (Sewer)
  14 wolves (Lair:2)
  A phantom (D:5)
  2 kobold brigands
  11 bullfrogs
  2 cane toad simulacra (IceCv)
  6 scorpions
  7 two-headed ogre simulacra
  8 wights (D:8)
  3 elephant simulacra (IceCv)
  9 killer bees
  16 howler monkeys
  An electric eel (Lair:1)
  2 bombardier beetles
  4 hounds
  3 jellies
  14 orc priests
  3 gnoll boudas
  A sleepcap (D:6)
  Ijyb (D:3)
  2 iguanas
  17 orc wizards
  7 troll simulacra
  8 spriggan simulacra
  A wolf simulacrum (IceCv)
  3 polar bear simulacra (IceCv)
  Robin (D:3)
  15 gnolls
  11 adders
  3 river rats (Sewer)
  6 naga simulacra
  A shadow imp (D:6)
  6 white imps
  11 ufetubi
  3 ribbon worms
  2 dart slugs
  55 orcs
  4 bats (D:1)
  8 endoplasms
  9 giant cockroaches
  12 goblins
  9 hobgoblins
  4 jackals (D:2)
  5 quokkas
  6 ball pythons
  22 kobolds
  4 rats
541 creatures vanquished.

Vanquished Creatures (collateral kills)
  7 foxfires
7 creatures vanquished.

Vanquished Creatures (others)
  A shadow (D:12)
  1578 foxfires
1579 creatures vanquished.

Grand Total: 2127 creatures vanquished

Notes
Turn   | Place    | Note
-------+----------+-------------------------------------------
     0 | D:1      | Henri the Deep Elf Fire Elementalist began the quest for
                  | the Orb.
     0 | D:1      | Reached XP level 1. HP: 10/10 MP: 6/6
   131 | D:1      | Reached skill level 4 in Fire Magic
   131 | D:1      | Reached XP level 2. HP: 15/15 MP: 0/8
   273 | D:1      | Learned a level 2 spell: Scorch
   540 | D:1      | Reached XP level 3. HP: 19/19 MP: 4/9
   924 | D:1      | Learned a level 3 spell: Inner Flame
  1096 | D:2      | Reached skill level 5 in Fire Magic
  1472 | D:2      | Reached XP level 4. HP: 24/24 MP: 7/10
  1915 | D:3      | Found Toxt's General Store.
  1921 | D:3      | Bought a scroll of teleportation for 39 gold pieces
  1930 | D:3      | Found a faded altar of an unknown god.
  1930 | D:3      | Found a glowing drain.
  1954 | Sewer    | Entered a sewer
  2128 | Sewer    | Reached skill level 1 in Fighting
  2207 | Sewer    | Reached XP level 5. HP: 29/29 MP: 9/12
  2428 | Sewer    | Reached skill level 10 in Fire Magic
  2428 | Sewer    | Reached XP level 6. HP: 39/39 MP: 13/19
  2733 | D:3      | Noticed Ijyb
  2736 | D:3      | Noticed Robin
  2739 | D:3      | Killed Ijyb
  2745 | D:3      | Reached XP level 7. HP: 44/44 MP: 7/20
  2752 | D:3      | Killed Robin
  2881 | D:3      | Learned a level 3 spell: Volatile Blastmotes
  2886 | D:3      | Learned a level 4 spell: Flame Wave
  4016 | D:4      | Found a hide-covered altar of Uskayaw.
  4240 | D:5      | Entered Level 5 of the Dungeon
  4352 | D:5      | Reached skill level 5 in Fighting
  4446 | D:5      | Reached XP level 8. HP: 46/49 MP: 22/22
  4507 | D:5      | Reached skill level 11 in Fire Magic
  4722 | D:5      | Found Coes's Armour Shop.
  5336 | D:5      | Found a snail-covered altar of Cheibriados.
  5339 | D:5      | Found a stormy altar of Qazlal.
  5342 | D:5      | Found a broken altar of Ashenzari.
  5342 | D:5      | Found a glowing silver altar of Zin.
  5348 | D:5      | Found an ornate altar of the Wu Jian Council.
  6179 | D:6      | Reached XP level 9. HP: 54/54 MP: 22/23
  6233 | D:6      | Reached skill level 5 in Dodging
  7074 | D:7      | Found a staircase to the Ecumenical Temple.
  7083 | Temple   | Entered the Ecumenical Temple
  7095 | Temple   | Became a worshipper of Vehumet
  7110 | D:7      | Reached skill level 12 in Fire Magic
  7403 | D:7      | Found a broken altar of Ashenzari.
  7602 | D:7      | Reached skill level 1 in Armour
  8220 | D:8      | Reached XP level 10. HP: 60/60 MP: 16/24
  8220 | D:8      | Reached * piety under Vehumet
  8220 | D:8      | Offered knowledge of Freeze by Vehumet.
  8566 | D:8      | Reached skill level 13 in Fire Magic
  9139 | D:8      | Found an opulent altar of Gozag.
  9220 | D:8      | Learned a level 1 spell: Magic Dart
  9356 | D:9      | Found a staircase to the Orcish Mines.
  9395 | D:9      | Offered knowledge of Kiss of Death by Vehumet.
  9395 | D:9      | Reached ** piety under Vehumet
  9747 | D:9      | Found a sparkling altar of Nemelex Xobeh.
 10030 | D:9      | Learned a level 5 spell: Fireball
 10226 | D:9      | Noticed an arcanist
 10228 | D:9      | Killed an arcanist
 10478 | D:9      | Noticed a large abomination
 10478 | D:9      | Noticed a large abomination
 10478 | D:9      | Noticed a large abomination
 10478 | D:9      | Noticed a large abomination
 10884 | D:10     | Entered Level 10 of the Dungeon
 10884 | D:10     | Noticed a death yak
 10884 | D:10     | Found a staircase to the Lair.
 10885 | D:10     | Noticed a death yak
 10887 | D:10     | Noticed a death yak
 11088 | D:9      | Noticed a large abomination
 11420 | D:9      | Killed a large abomination
 11595 | D:10     | Noticed a gargoyle
 11709 | D:10     | Found a hazy altar of Hepliaklqana.
 12055 | D:10     | Reached XP level 11. HP: 67/67 MP: 15/25
 12060 | D:10     | Killed a death yak
 12061 | D:10     | Reached skill level 14 in Fire Magic
 12240 | D:9      | Killed a large abomination
 12821 | D:9      | Found the sphere of Battle
 12910 | D:10     | Killed a death yak
 13166 | D:10     | Killed a death yak
 13428 | D:10     | Reached skill level 15 in Fire Magic
 13567 | D:10     | Offered knowledge of Hailstorm by Vehumet.
 13916 | D:10     | Found Ysiraxe's Antique Armour Shoppe.
 13925 | D:10     | Bought a glowing cloak for 202 gold pieces
 14042 | D:10     | Noticed a two-headed ogre
 14063 | D:10     | Killed a two-headed ogre
 15065 | D:11     | Reached skill level 5 in Armour
 15070 | D:11     | Noticed a two-headed ogre
 15256 | D:11     | Noticed a two-headed ogre
 15278 | D:11     | Reached *** piety under Vehumet
 15397 | D:11     | Noticed a red ugly thing
 15401 | D:11     | Killed a two-headed ogre
 15407 | D:11     | Killed a red ugly thing
 15416 | D:11     | Reached XP level 12. HP: 63/74 MP: 12/26
 15464 | D:11     | Noticed a two-headed ogre
 15470 | D:11     | Killed a two-headed ogre
 15588 | D:11     | Reached skill level 16 in Fire Magic
 15794 | D:11     | Killed a two-headed ogre
 15887 | D:11     | Reached skill level 1 in Shields
 16250 | D:12     | Noticed a two-headed ogre
 16266 | D:12     | Killed a two-headed ogre
 16273 | D:12     | Offered knowledge of Sticky Flame by Vehumet.
 16283 | D:12     | Learned a level 4 spell: Sticky Flame
 17983 | Lair:1   | Entered Level 1 of the Lair of Beasts
 18123 | Lair:1   | Reached skill level 17 in Fire Magic
 18308 | Lair:1   | Noticed a catoblepas
 18390 | Lair:1   | Killed a catoblepas
 18809 | Lair:1   | Reached **** piety under Vehumet
 18920 | Lair:1   | Offered knowledge of Dazzling Flash by Vehumet.
 19578 | Lair:2   | Reached XP level 13. HP: 80/80 MP: 26/27
 19790 | Lair:2   | Learned a level 3 spell: Dazzling Flash
 20774 | Lair:3   | Found a staircase to the Swamp.
 20862 | Lair:3   | Reached skill level 18 in Fire Magic
 21180 | Lair:3   | Reached ***** piety under Vehumet
 21180 | Lair:3   | Offered knowledge of Plasma Beam by Vehumet.
 21292 | Lair:3   | Reached skill level 1 in Translocations
 22007 | Lair:3   | Reached skill level 5 in Shields
 22034 | Lair:3   | Reached skill level 10 in Fighting
 22086 | Lair:3   | Found a hole to the Spider Nest.
 22874 | Orc:1    | Entered Level 1 of the Orcish Mines
 23988 | Orc:2    | Entered Level 2 of the Orcish Mines
 23988 | Orc:2    | Noticed Maurice
 24032 | Orc:2    | Found a staircase to the Elven Halls.
 24083 | Orc:2    | Killed Maurice
 24121 | Orc:2    | Noticed Rupert
 24126 | Orc:2    | Found a frozen archway.
 24133 | IceCv    | Entered an ice cave
 24318 | IceCv    | Offered knowledge of Spellforged Servitor by Vehumet.
 24386 | IceCv    | Learned a level 2 spell: Blink
 25130 | IceCv    | Noticed a reaper
 25182 | IceCv    | Killed a reaper
 25368 | IceCv    | Reached XP level 14. HP: 78/88 MP: 29/29
 26182 | Orc:2    | Paralysed by Rupert for 2 turns
 26437 | D:13     | Noticed Azrael
 26772 | D:12     | Killed from afar by a laughing skull

Illustrated notes

Levels and vault maps discovered:
D:1:      erik_arrival_orb_chamber, layout_basic
D:2:      layout_basic, minmay_distorted
D:3:      layout_rooms, serial_shops, nicolae_shop_rolling_square,
          gup_sewer_entry_glass, ebering_ecumenical_altar_webs,
          nicolae_goblin_pals
D:4:      minmay_wonky_spiral, layout_basic, old_standard_altar,
          nicolae_elevator_lobby_asterisk
D:5:      layout_basic, nicolae_overflow_hallway_of_the_gods, serial_shops,
          kennysheep_little_box
D:6:      layout_gridville
D:7:      layout_basic, minmay_temple_entry_large_hall, serial_park_tiny_2,
          minmay_ruined_shrine
D:8:      layout_cave_pods, grunt_gozag_breadcrumbs
D:9:      layout_grid_maze, nemelex_xobeh_ov_fountains_minmay, orc_0_dummy,
          roderic_serpentine_path, solitary_fountain, laboratory
D:10:     wad_woods_structure_01, layout_basic,
          nicolae_hepliaklqana_hazy_memory, dpeg_lair_monsters, serial_shops,
          nicolae_shop_gibbet_a_chance
D:11:     layout_rooms, hangedman_decor_opposing
D:12:     layout_basic, kennysheep_generic_room_7
D:13:     layout_cave_pools, grunt_vaults_entry_fortified, uniq_azrael
Temple:   hellmonk_temple_forest_ring
Lair:1:   layout_loops_ring, grunt_megastairs_2, serial_bayou_shore_a
Lair:2:   layout_gridlike
Lair:3:   layout_loops_ring, skrybe_swamp_entry_bodies,
          nicolae_spider_entry_lesser_pyramids
Lair:4:   layout_cave_shapes, evilmike_ambush [evilmike_ambush_outer_corners,
          evilmike_ambush_inner_basic]
Orc:1:    minmay_goldmine, layout_caves
Orc:2:    kennysheep_orc_mage_school, layout_diamond_mine,
          portal_ice_cave_entry_ice_simulacra, mines1_david, uniq_saint_roka,
          uniq_rupert, uniq_maurice

Skill      XL: |  1  2  3  4  5  6  7  8  9 10 11 12 13 14 |
---------------+-------------------------------------------+-----
Fire Magic     | 4 5 10 11 12 13 15 17 18 | 18.7
Fighting       | 1 4 5 6 7 8 9 10 | 10.6
Stealth        | 7 |  7.3
Spellcasting   | 8 9 |  9.3
Dodging        | 3 4 5 6 7 |  7.0
Armour         | 1 3 5 |  5.0
Shields        | 3 5 |  5.0
Translocations | 2 3 |  3.4
Conjurations   | |  1.1

Action                     |  1- 3 |  4- 6 |  7- 9 | 10-12 | 13-15 || total
---------------------------+-------+-------+-------+-------+-------++-------
  Melee: Dagger            |     5 |       |       |       |       ||     5
         Short sword       |       |     3 |       |       |       ||     3
         Staff             |       |       |       |    24 |     1 ||    25
         Punch             |       |       |       |     1 |       ||     1
   Cast: Foxfire           |    58 |    78 |   219 |   299 |   316 ||   970
         Scorch            |     3 |     4 |    20 |     7 |     1 ||    35
         Inner Flame       |       |     2 |    79 |   167 |   182 ||   430
         Volatile Blastmot |       |       |     5 |    94 |    49 ||   148
         Flame Wave        |       |       |       |     1 |       ||     1
         Fireball          |       |       |       |       |    26 ||    26
         Blink             |       |       |       |       |     3 ||     3
         Magic Dart        |       |       |       |       |     2 ||     2
    Use: Scroll            |       |     4 |     6 |     9 |     3 ||    22
         Potion            |       |     9 |       |       |     4 ||    13
 Armour: Robe              |     6 |     3 |    24 |   102 |       ||   135
         Acid dragon scale |       |       |       |    67 |   188 ||   255
  Dodge: Dodged            |     6 |     8 |    20 |    91 |   108 ||   233
  Block: Buckler           |       |       |       |       |    36 ||    36
